 Dungeon Crawl Stone Soup version 0.19.1-1-g22dce08 (webtiles) character file.

625 Kiturien the Chopper (level 7, -1/63 HPs)
             Began as a Deep Dwarf Fighter on Jan 19, 2017.
             Slain by Pikel
             ... wielding a +1 whip of electrocution
              (16 damage)
             ... on level 4 of the Dungeon.
             The game lasted 00:09:04 (2828 turns).

Kiturien the Chopper (Deep Dwarf Fighter)           Turns: 2828, Time: 00:09:05

Health: -1/63      AC: 12    Str: 21    XL:     7   Next: 23%
Magic:  7/7        EV:  6    Int:  9    God:
Gold:   183        SH: 10    Dex: 12    Spells: 0 memorised, 6 levels left

rFire  . . .     SeeInvis .     a - +0 war axe
rCold  . . .     Gourm    +     m - +0 chain mail
rNeg   . . .     Faith    .     c - +0 shield
rPois  .         Spirit   .     (no helmet)
rElec  .         Reflect  .     n - +0 cloak
rCorr  .         Harm     .     q - +0 pair of gloves
MR     +....                    (no boots)
Stlth  ..........               i - amulet of the gourmand
                                (no ring)
                                (no ring)

@: non-regenerating
A: damage resistance, recharge devices, sense surroundings 1, slow regeneration
3
a: Device Recharging


You were on level 4 of the Dungeon.
You were not hungry.

You visited 1 branch of the dungeon, and saw 4 of its levels.

You collected 183 gold pieces.

Inventory:

Hand Weapons
 a - a +0 war axe (weapon)
 t - a +3 great sword
Armour
 b - a +0 scale mail
 c - a +0 shield (worn)
 m - a +0 chain mail (worn)
 n - a +0 cloak (worn)
 q - a +0 pair of gloves (worn)
Jewellery
 i - an amulet of the gourmand (around neck)
Wands
 e - a wand of heal wounds (2/9)
 p - a wand of digging (10/24)
 v - a wand of flame (3/48)
Scrolls
 r - a scroll of remove curse
 u - a scroll of enchant weapon {unknown}
Potions
 d - a potion of might
 k - 2 potions of brilliance
 l - 2 potions of heal wounds
 o - a potion of magic
 s - 3 potions of curing
 w - a potion of flight
Comestibles
 f - a royal jelly
 g - 2 meat rations
 h - a slice of pizza
 j - a fruit
 x - a bread ration


   Skills:
 + Level 3.9 Fighting
 + Level 5.6 Axes
 + Level 4.9 Armour
 + Level 0.9 Dodging
 + Level 5.3 Shields
 + Level 0.6 Evocations


You had 6 spell levels left.
You didn't know any spells.

Dungeon Overview and Level Annotations

Branches:
Dungeon (4/15)
 Temple: D:4-7

Altars:
Fedhas

Annotations:
D:4 Pikel


Innate Abilities, Weirdness & Mutations

You are resistant to damage.
You can recharge devices by infusing magical energy.
You passively map a small area around you.
You do not regenerate.


Message History

You barely miss Pikel.
Pikel is heavily wounded.
You block Pikel's attack.
You barely miss Pikel.
Pikel is heavily wounded.
You block Pikel's attack.
You hit Pikel but do no damage.
Pikel is heavily wounded.
You block Pikel's attack. Pikel closely misses you.
You closely miss Pikel.
Pikel is heavily wounded.
Pikel hits you but does no damage.
You hit Pikel.
Pikel is heavily wounded.
Pikel hits you but does no damage.
You closely miss Pikel.
Pikel is heavily wounded.
Pikel hits you with a whip of electrocution.
You are electrocuted!
You die...

#..# , #.# #.#.
###...### * #.# #.#.
........# #.#####.###.#.
#..≈≈.###...........#. *
*
###.._≈..########.##..#.
...≈≈≈pp...........(....
*
##.≈≈≈.p#######.#.##.(#.
####.#K#######.#.##..#.
...#@.#.....(......#. *
* *
###*##.#.####.#.#...##
#...#......#(..#
##..#..........# **
#..####.###.#.# * ..%#
#.# #.#.## , ..$.# #.#
#.#... ....# #.# #.####
, , #.# #.....


You could see Pikel and 3 slaves.

Vanquished Creatures
  Grinder (D:4)
  Sigmund (D:3)
  An ogre (D:4)
  A centaur zombie (D:4)
  Ijyb (D:2)
  The ghost of sheala the Conjurer, a weakling DECj (D:4)
  8 adders
  4 dart slugs
  4 orcs (D:4)
  7 bats
  3 giant cockroaches
  5 goblins
  3 hobgoblins
  4 jackals (D:3)
  8 kobolds
  A quokka (D:2)
  A ball python (D:2)
  3 frilled lizards (D:2)
  6 rats
63 creatures vanquished.

Notes
Turn   | Place    | Note
-------+----------+-------------------------------------------
     0 | D:1      | Kiturien the Deep Dwarf Fighter began the quest for the Orb.
     0 | D:1      | Reached XP level 1. HP: 20/20 MP: 1/1
   277 | D:1      | Reached XP level 2. HP: 27/27 MP: 2/2
   841 | D:2      | Noticed Ijyb
   849 | D:2      | Killed Ijyb
   849 | D:2      | Reached XP level 3. HP: 32/34 MP: 3/3
   904 | D:2      | Reached XP level 4. HP: 40/42 MP: 4/4
  1305 | D:2      | Found a faded altar of an unknown god.
  1937 | D:3      | Reached XP level 5. HP: 32/49 MP: 5/5
  2082 | D:3      | Noticed Sigmund
  2097 | D:3      | Killed Sigmund
  2097 | D:3      | Reached XP level 6. HP: 42/56 MP: 6/6
  2269 | D:4      | Noticed sheala's ghost (weakling DECj)
  2280 | D:4      | Killed sheala's ghost
  2423 | D:4      | Noticed Grinder
  2434 | D:4      | Paralysed by Grinder for 2 turns
  2451 | D:4      | Killed Grinder
  2451 | D:4      | Reached skill level 5 in Axes
  2451 | D:4      | Reached skill level 5 in Shields
  2513 | D:4      | Reached XP level 7. HP: 14/63 MP: 7/7
  2805 | D:4      | Found a blossoming altar of Fedhas.
  2810 | D:4      | Noticed Pikel
  2828 | D:4      | Slain by Pikel

Skill      XL: |  1  2  3  4  5  6 |
---------------+-------------------+-----
Fighting       | 3 |  3.9
Axes           | 3 4 5 |  5.6
Shields        | 4 5 |  5.3
Armour         | 4 |  4.9
Dodging        | |  0.9
Evocations     | |  0.6

Action                   |  1- 3 |  4- 6 |  7- 9 || total
-------------------------+-------+-------+-------++-------
Melee: War axe           |    37 |   177 |    21 ||   235
Evoke: Wand              |       |     3 |       ||     3
  Use: Scroll            |     2 |     5 |     2 ||     9
       Potion            |       |       |     1 ||     1
  Eat: Bread ration      |       |     1 |       ||     1
       Chunk             |       |     3 |       ||     3
Armor: Scale mail        |     3 |       |       ||     3
       Chain mail        |    17 |   102 |     4 ||   123
Dodge: Dodged            |     9 |    34 |     5 ||    48
Block: Shield            |    26 |    99 |    11 ||   136
